3R
UNION CITY HILLERS @ SANTA FE REVOLVERS
09/01/2032
 
TOP OF THE 1ST
Union City Hillers batting - Pitching for Santa Fe Revolvers : RHP Lorenzo Sánchez
Pitching: RHP Lorenzo Sánchez
Batting: RHB Cornelio Japón 0-0: Called Strike
0-1: Ball
1-1: Fly out, F8 (Flyball, 8RM)
Batting: LHB Matsu Yoshida 0-0: Ground out 1-3 (Groundball, 13)
Batting: LHB Manuel Estrada 0-0: Foul Ball, location: 2F
0-1: Swinging Strike
0-2: Ball
1-2: Foul Ball, location: 2F
1-2: Ball
2-2: Strikes out looking
Top of the 1st over - 0 runs, 0 hits, 0 errors, 0 left on base; Union City 0 - Santa Fe 0
BOTTOM OF THE 1ST
Santa Fe Revolvers batting - Pitching for Union City Hillers : RHP Eisse van Gils
Pitching: RHP Eisse van Gils
Batting: RHB Chris Gordon 0-0: Called Strike
0-1: Foul Ball, location: 2F
0-2: Strikes out looking
Batting: RHB Shirai Yoshida 0-0: Called Strike
0-1: Ball
1-1: Ball
2-1: Foul Ball, location: 2F
2-2: Ball
3-2: Ground out 6-3 (Groundball, 6)
Batting: SHB Ken Paige 0-0: Ball
1-0: Foul Ball, location: 2F
1-1: Ball
2-1: Fly out, F9 (Line Drive, 9D)
Bottom of the 1st over - 0 runs, 0 hits, 0 errors, 0 left on base; Union City 0 - Santa Fe 0
TOP OF THE 2ND
Union City Hillers batting - Pitching for Santa Fe Revolvers : RHP Lorenzo Sánchez
Batting: SHB Ezequiel Oacia 0-0: Called Strike
0-1: Fly out, F8 (Line Drive, 89D)
Batting: RHB Ken Barger 0-0: Foul Ball, location: 2F
0-1: Foul Ball, location: 2F
0-2: Foul Ball, location: 2F
0-2: Foul Ball, location: 2F
0-2: Ball
1-2: Foul Ball, location: 2F
1-2: Ball
2-2: Foul Ball, location: 2F
2-2: Foul Ball, location: 2F
2-2: SINGLE (Groundball, 6D)
Batting: RHB Arthur Cook 0-0: SINGLE (Groundball, 6MD)
Ken Barger to second
Runner from 2nd tries for 3rd, SAFE, throw made to third
Arthur Cook to second
Batting: SHB Alejandro Arizméndiz 0-0: Called Strike
0-1: DOUBLE (Flyball, 78D)
Ken Barger scores
Arthur Cook scores
Batting: RHB Neville van Mierlo 0-0: Called Strike
0-1: Ball
1-1: SINGLE (Groundball, 34D)
Alejandro Arizméndiz to third
Runner from 3rd tries for Home, SAFE, no throw
Batting: RHB Zhong-yan Zha 0-0: Grounds into double play, 5-4-3 (Groundball, 56)
Top of the 2nd over - 3 runs, 4 hits, 0 errors, 0 left on base; Union City 3 - Santa Fe 0
BOTTOM OF THE 2ND
Santa Fe Revolvers batting - Pitching for Union City Hillers : RHP Eisse van Gils
Batting: RHB Dennis Shaw 0-0: Ball
1-0: Fly out, F9 (Flyball, 9)
Batting: LHB Juan Carlos Vázquez 0-0: Foul Ball, location: 2F
0-1: Swinging Strike
0-2: Ball
1-2: Ball
2-2: Strikes out swinging, 2-3 out at first.
Batting: LHB Leilani Aberahama 0-0: Called Strike
0-1: Ball
1-1: Ground out 3-1 (Groundball, 34)
Bottom of the 2nd over - 0 runs, 0 hits, 0 errors, 0 left on base; Union City 3 - Santa Fe 0
TOP OF THE 3RD
Union City Hillers batting - Pitching for Santa Fe Revolvers : RHP Hong-yeol Chang
Pitching: RHP Hong-yeol Chang
Batting: RHB Cornelio Japón 0-0: Called Strike
0-1: Fly out, F9 (Flyball, 89D)
Batting: LHB Matsu Yoshida 0-0: Ground out 4-3 (Groundball, 4)
Batting: LHB Manuel Estrada 0-0: Called Strike
0-1: Hit by Pitch
Batting: SHB Ezequiel Oacia 0-0: Ball
1-0: Called Strike
1-1: Ball
2-1: Ball
3-1: Swinging Strike
3-2: Base on Balls
Manuel Estrada to second
Batting: RHB Ken Barger 0-0: Called Strike
0-1: Foul Ball, location: 2F
0-2: Ball
1-2: Fly out, F8 (Flyball, 8LS)
Top of the 3rd over - 0 runs, 0 hits, 0 errors, 2 left on base; Union City 3 - Santa Fe 0
BOTTOM OF THE 3RD
Santa Fe Revolvers batting - Pitching for Union City Hillers : RHP Eisse van Gils
Batting: RHB Rafael Rivas 0-0: Ground out U3 (Groundball, 34S)
Batting: RHB Sean Domburg 0-0: Called Strike
0-1: DOUBLE (Flyball, 8RD)
Batting: RHB Jason Watts 0-0: Ball
1-0: Ground out 6-3 (Groundball, 6)
Batting: RHB Chris Gordon 0-0: Foul Ball, location: 2F
0-1: Swinging Strike
0-2: Strikes out swinging
Bottom of the 3rd over - 0 runs, 1 hit, 0 errors, 1 left on base; Union City 3 - Santa Fe 0
TOP OF THE 4TH
Union City Hillers batting - Pitching for Santa Fe Revolvers : RHP Hong-yeol Chang
Batting: RHB Arthur Cook 0-0: Hit by Pitch
Batting: SHB Alejandro Arizméndiz 0-0: Called Strike
0-1: Ball
1-1: Ball
2-1: Fielders Choice at 2nd, 1-6 (Groundball, 13)
Batting: RHB Neville van Mierlo 0-0: Ball
1-0: Ground out U3 (Groundball, 34)
Alejandro Arizméndiz to second
Batting: RHB Zhong-yan Zha 0-0: Called Strike
0-1: Ball
1-1: Swinging Strike
1-2: Strikes out swinging
Top of the 4th over - 0 runs, 0 hits, 0 errors, 1 left on base; Union City 3 - Santa Fe 0
BOTTOM OF THE 4TH
Santa Fe Revolvers batting - Pitching for Union City Hillers : RHP Eisse van Gils
Batting: RHB Shirai Yoshida 0-0: Called Strike
0-1: Ground out 6-3 (Groundball, 6)
Batting: SHB Ken Paige 0-0: Ball
1-0: Ball
2-0: Called Strike
2-1: Called Strike
2-2: Fly out, F6 (Popup, 6)
Batting: RHB Dennis Shaw 0-0: Swinging Strike
0-1: Swinging Strike
0-2: Ball
1-2: Ball
2-2: Ball
3-2: Foul Ball, location: 2F
3-2: Base on Balls
Batting: LHB Juan Carlos Vázquez 0-0: Ball
1-0: Ball
2-0: Ball
3-0: Swinging Strike
3-1: Base on Balls
Dennis Shaw to second
Batting: LHB Leilani Aberahama 0-0: Ball
1-0: Swinging Strike
1-1: Called Strike
1-2: Ground out 4-3 (Groundball, 4)
Bottom of the 4th over - 0 runs, 0 hits, 0 errors, 2 left on base; Union City 3 - Santa Fe 0
TOP OF THE 5TH
Union City Hillers batting - Pitching for Santa Fe Revolvers : RHP Hong-yeol Chang
Batting: RHB Cornelio Japón 0-0: Ball
1-0: Foul Ball, location: 2F
1-1: Bunt for hit - play at first, batter OUT! 3-4
Batting: LHB Matsu Yoshida 0-0: Ball
1-0: Ball
2-0: Ground out U3 (Groundball, 3L)
Batting: LHB Manuel Estrada 0-0: Swinging Strike
0-1: Ball
1-1: Foul Ball, location: 2F
1-2: Ball
2-2: Strikes out swinging
Top of the 5th over - 0 runs, 0 hits, 0 errors, 0 left on base; Union City 3 - Santa Fe 0
BOTTOM OF THE 5TH
Santa Fe Revolvers batting - Pitching for Union City Hillers : RHP Eisse van Gils
Batting: RHB Rafael Rivas 0-0: Ball
1-0: Fly out, F8 (Flyball, 8LS)
Batting: RHB Sean Domburg 0-0: Ball
1-0: Ball
2-0: Called Strike
2-1: Ball
3-1: DOUBLE (Line Drive, 7LS)
Batting: RHB Jason Watts 0-0: Foul Ball, location: 2F
0-1: Ball
1-1: Ground out 3-1 (Groundball, 34S)
Sean Domburg to third
Batting: RHB Chris Gordon 0-0: Ball
1-0: Ball
2-0: Foul Ball, location: 2F
2-1: DOUBLE (Line Drive, 8RD)
Sean Domburg scores
Batting: RHB Shirai Yoshida 0-0: Called Strike
0-1: Ball
1-1: Fly out, F4 (Popup, 4)
Bottom of the 5th over - 1 run, 2 hits, 0 errors, 1 left on base; Union City 3 - Santa Fe 1
TOP OF THE 6TH
Union City Hillers batting - Pitching for Santa Fe Revolvers : RHP Hong-yeol Chang
Batting: SHB Ezequiel Oacia 0-0: Ball
1-0: Ball
2-0: Ball
3-0: Called Strike
3-1: Foul Ball, location: 2F
3-2: Base on Balls
Batting: RHB Ken Barger 0-0: Called Strike
0-1: SINGLE (Flyball, 78S)
Ezequiel Oacia to second
Batting: RHB Arthur Cook 0-0: Bunted foul
0-1: Bunted foul
0-2: Foul Ball, location: 2F
0-2: Fielders Choice at 2nd, 1-6 (Groundball, P)
Ezequiel Oacia to third
Batting: SHB Alejandro Arizméndiz 0-0: Ball
1-0: Called Strike
Arthur Cook steals 2nd base
1-1: Swinging Strike
1-2: Ball
2-2: Fly out, F7 (Flyball, 7S)
Batting: RHB Neville van Mierlo 0-0: Foul Ball, location: 2F
0-1: Ball
1-1: Foul Ball, location: 2F
1-2: Fly out, F9 (Flyball, 9LSF)
Top of the 6th over - 0 runs, 1 hit, 0 errors, 2 left on base; Union City 3 - Santa Fe 1
BOTTOM OF THE 6TH
Santa Fe Revolvers batting - Pitching for Union City Hillers : RHP Eisse van Gils
Batting: SHB Ken Paige 0-0: Ball
1-0: Ground out U3 (Groundball, 3)
Batting: RHB Dennis Shaw 0-0: Foul Ball, location: 2F
0-1: Ball
1-1: Ball
2-1: Foul Ball, location: 2F
2-2: Ground out 6-3 (Groundball, 56)
Batting: LHB Juan Carlos Vázquez 0-0: SINGLE (Flyball, 8LS) - OUT at second base trying to stretch hit.
Bottom of the 6th over - 0 runs, 1 hit, 0 errors, 0 left on base; Union City 3 - Santa Fe 1
TOP OF THE 7TH
Union City Hillers batting - Pitching for Santa Fe Revolvers : RHP Hong-yeol Chang
Batting: RHB Zhong-yan Zha 0-0: Ball
1-0: Swinging Strike
1-1: Ground out 6-3 (Groundball, 6S)
Batting: RHB Cornelio Japón 0-0: Ball
1-0: Ball
2-0: Called Strike
2-1: Swinging Strike
2-2: Ground out 6-3 (Groundball, 6)
Batting: LHB Matsu Yoshida 0-0: Foul Ball, location: 2F
0-1: Called Strike
0-2: Strikes out looking
Top of the 7th over - 0 runs, 0 hits, 0 errors, 0 left on base; Union City 3 - Santa Fe 1
BOTTOM OF THE 7TH
Santa Fe Revolvers batting - Pitching for Union City Hillers : RHP Eisse van Gils
Batting: LHB Leilani Aberahama 0-0: Foul Ball, location: 2F
0-1: Foul Ball, location: 2F
0-2: Foul Ball, location: 2F
0-2: Ball
1-2: Ball
2-2: Fly out, F9 (Flyball, 9LMF)
Batting: RHB Rafael Rivas 0-0: Called Strike
0-1: Foul Ball, location: 2F
0-2: Foul Ball, location: 2F
0-2: DOUBLE (Line Drive, 9LM)
Batting: RHB Sean Domburg 0-0: Ground out 6-3 (Groundball, 6)
Batting: RHB Jason Watts 0-0: Ball
1-0: Ball
2-0: Called Strike
2-1: Ball
Wild Pitch!
Rafael Rivas to third
3-1: Foul Ball, location: 2F
3-2: Ground out 6-3 (Groundball, 6)
Bottom of the 7th over - 0 runs, 1 hit, 0 errors, 1 left on base; Union City 3 - Santa Fe 1
TOP OF THE 8TH
Union City Hillers batting - Pitching for Santa Fe Revolvers : RHP Hong-yeol Chang
Batting: LHB Manuel Estrada 0-0: Called Strike
0-1: Swinging Strike
0-2: Ball
1-2: Ball
2-2: Ball
3-2: SINGLE (Line Drive, 56)
Batting: SHB Ezequiel Oacia 0-0: Swinging Strike
0-1: Foul Ball, location: 2F
0-2: Ball
1-2: Strikes out swinging
Batting: RHB Ken Barger 0-0: Called Strike
0-1: SINGLE (Groundball, 6MD)
Manuel Estrada to second
Runner from 2nd tries for 3rd, SAFE, no throw
Batting: RHB Arthur Cook 0-0: Ball
1-0: Fly out, F8 (Flyball, 8RM)
Runner from 3rd tags up, OUT at HOME
Top of the 8th over - 0 runs, 2 hits, 0 errors, 1 left on base; Union City 3 - Santa Fe 1
BOTTOM OF THE 8TH
Santa Fe Revolvers batting - Pitching for Union City Hillers : RHP Eisse van Gils
Batting: RHB Chris Gordon 0-0: Swinging Strike
0-1: Called Strike
0-2: Ball
1-2: Ball
2-2: Foul Ball, location: 2F
2-2: Strikes out looking
Batting: RHB Shirai Yoshida 0-0: Called Strike
0-1: Fly out, F8 (Flyball, 8RM)
Batting: SHB Ken Paige 0-0: Called Strike
0-1: Ball
1-1: Foul Ball, location: 2F
1-2: Ground out U3 (Groundball, 3)
Bottom of the 8th over - 0 runs, 0 hits, 0 errors, 0 left on base; Union City 3 - Santa Fe 1
TOP OF THE 9TH
Union City Hillers batting - Pitching for Santa Fe Revolvers : RHP Hong-yeol Chang
Pitching: LHP Narihira Yokota
Batting: SHB Alejandro Arizméndiz 0-0: Called Strike
0-1: Ball
1-1: Ball
2-1: Ground out 6-3 (Groundball, 6M)
Batting: RHB Neville van Mierlo 0-0: Called Strike
0-1: Swinging Strike
0-2: Foul Ball, location: 2F
0-2: Fly out, F4 (Line Drive, 4)
Batting: RHB Zhong-yan Zha 0-0: Ball
1-0: Ball
2-0: Fly out, F8 (Flyball, 8RS)
Top of the 9th over - 0 runs, 0 hits, 0 errors, 0 left on base; Union City 3 - Santa Fe 1
BOTTOM OF THE 9TH
Santa Fe Revolvers batting - Pitching for Union City Hillers : RHP Eisse van Gils
Batting: RHB Dennis Shaw 0-0: Ball
1-0: Ball
2-0: SINGLE (Groundball, 34D)
Pitching: LHP Kenny McDonald
Pinch Hitting: RHB Harley Colman 0-0: Ball
1-0: Ball
2-0: Foul Ball, location: 2F
2-1: Ball
3-1: Swinging Strike
3-2: Foul Ball, location: 2F
3-2: Strikes out looking
Batting: LHB Leilani Aberahama 0-0: Called Strike
0-1: SINGLE (Flyball, 8LS)
Dennis Shaw to second
Batting: RHB Rafael Rivas 0-0: Ground out 3-1 (Groundball, 34S)
Dennis Shaw to third
Leilani Aberahama to second
Batting: RHB Sean Domburg 0-0: Ball
1-0: Foul Ball, location: 2F
1-1: SINGLE (Groundball, 56D)
Dennis Shaw scores
Leilani Aberahama to third
Runner from 3rd tries for Home, SAFE, no throw
Batting: RHB Jason Watts 0-0: Swinging Strike
0-1: Called Strike
0-2: Ball
1-2: Ball
2-2: Strikes out swinging
Bottom of the 9th over - 2 runs, 3 hits, 0 errors, 1 left on base; Union City 3 - Santa Fe 3
TOP OF THE 10TH
Union City Hillers batting - Pitching for Santa Fe Revolvers : LHP Narihira Yokota
Now at 1B: Gary Ellis
Batting: RHB Cornelio Japón 0-0: Ball
1-0: Called Strike
1-1: Fly out, F1 (Line Drive, 15S)
Pinch Hitting: RHB Manuel Sy 0-0: Called Strike
0-1: Called Strike
0-2: Strikes out looking
Batting: LHB Manuel Estrada 0-0: Ball
1-0: Fly out, F4 (Popup, 4S)
Top of the 10th over - 0 runs, 0 hits, 0 errors, 0 left on base; Union City 3 - Santa Fe 3
BOTTOM OF THE 10TH
Santa Fe Revolvers batting - Pitching for Union City Hillers : LHP Kenny McDonald
Now in CF: Dane Megson
Batting: RHB Chris Gordon 0-0: Ball
1-0: Ground out 6-3 (Groundball, 6)
Batting: RHB Shirai Yoshida 0-0: SINGLE (Line Drive, 4MD)
Batting: SHB Ken Paige 0-0: Called Strike
0-1: Grounds into double play, 1-6-3 (Groundball, 13S)
Bottom of the 10th over - 0 runs, 1 hit, 0 errors, 0 left on base; Union City 3 - Santa Fe 3
TOP OF THE 11TH
Union City Hillers batting - Pitching for Santa Fe Revolvers : LHP Narihira Yokota
Pitching: RHP Thie Calkhoven
Batting: SHB Ezequiel Oacia 0-0: Ball
1-0: Called Strike
1-1: Ball
2-1: Foul Ball, location: 2F
2-2: Foul Ball, location: 2F
2-2: Ball
3-2: Strikes out swinging
Batting: RHB Ken Barger 0-0: Ball
1-0: Ball
2-0: Ball
3-0: Called Strike
3-1: Foul Ball, location: 2F
3-2: Foul Ball, location: 2F
3-2: Base on Balls
Batting: RHB Arthur Cook 0-0: Called Strike
0-1: Ball
1-1: Swinging Strike
1-2: Strikes out looking
Batting: SHB Alejandro Arizméndiz 0-0: Ball
1-0: Foul Ball, location: 2F
1-1: Ball
2-1: Foul Ball, location: 2F
2-2: Fly out, F5 (Line Drive, 56S)
Top of the 11th over - 0 runs, 0 hits, 0 errors, 1 left on base; Union City 3 - Santa Fe 3
BOTTOM OF THE 11TH
Santa Fe Revolvers batting - Pitching for Union City Hillers : LHP Kenny McDonald
Pitching: RHP Cutter Dylas
Batting: RHB Dennis Shaw 0-0: Called Strike
0-1: Ground out 5-3 (Groundball, 56S)
Batting: RHB Gary Ellis 0-0: Called Strike
0-1: Swinging Strike
0-2: Ball
1-2: Foul Ball, location: 2F
1-2: Strikes out swinging
Batting: LHB Leilani Aberahama 0-0: Called Strike
0-1: Ball
1-1: Foul Ball, location: 2F
1-2: Ball
2-2: Fly out, F7 (Flyball, 7D)
Bottom of the 11th over - 0 runs, 0 hits, 0 errors, 0 left on base; Union City 3 - Santa Fe 3
TOP OF THE 12TH
Union City Hillers batting - Pitching for Santa Fe Revolvers : RHP Thie Calkhoven
Batting: RHB Neville van Mierlo 0-0: Ball
1-0: Called Strike
1-1: Ball
2-1: Foul Ball, location: 2F
2-2: SINGLE (Line Drive, 4)
Batting: RHB Zhong-yan Zha 0-0: Sac Bunt - play at first, batter OUT! 1-4
Neville van Mierlo to second
Pinch Hitting: RHB Zi-jing Eng 0-0: Intentional Walk
Batting: RHB Dane Megson 0-0: Ball
1-0: SINGLE (Line Drive, 56)
Neville van Mierlo to third
Zi-jing Eng to second
Runner from 3rd tries for Home, SAFE, throw made home
Batting: LHB Manuel Estrada 0-0: Ball
1-0: Called Strike
1-1: Ball
2-1: Ball
3-1: Foul Ball, location: 2F
3-2: Strikes out looking
Batting: SHB Ezequiel Oacia 0-0: Called Strike
0-1: Swinging Strike
0-2: Strikes out swinging
Top of the 12th over - 1 run, 2 hits, 0 errors, 2 left on base; Union City 4 - Santa Fe 3
BOTTOM OF THE 12TH
Santa Fe Revolvers batting - Pitching for Union City Hillers : RHP Cutter Dylas
Now at C: Hsin Zhou
Now in LF: Zi-jing Eng
Batting: RHB Rafael Rivas 0-0: Ground out 4-3 (Groundball, 4)
Batting: RHB Sean Domburg 0-0: Called Strike
0-1: SINGLE (Flyball, 78M)
Batting: RHB Jason Watts 0-0: Ball
1-0: Foul Ball, location: 2F
1-1: Called Strike
1-2: Strikes out swinging
Batting: RHB Chris Gordon 0-0: Ball
1-0: Ball
2-0: Ball
3-0: Base on Balls
Sean Domburg to second
Batting: RHB Shirai Yoshida 0-0: Ball
1-0: Ball
2-0: Ball
3-0: Called Strike
3-1: Base on Balls
Sean Domburg to third
Chris Gordon to second
Batting: SHB Ken Paige 0-0: Ball
1-0: Ball
2-0: Ground out U3 (Groundball, 3)
Bottom of the 12th over - 0 runs, 1 hit, 0 errors, 3 left on base; Union City 4 - Santa Fe 3
Wednesday, September 19th, 2018 - OOTP Baseball 18.8 Build 76